[Event "82nd Italian Championship 2023"]
[Site "Brescia"]
[Date "2023.11.28"]
[Round "1.2"]
[White "Iermito, Sebastian"]
[Black "Moroni, Luca Jr"]
[Result "0-1"]
[ECO "A13"]
[WhiteElo "2524"]
[BlackElo "2575"]
[Annotator "TA"]
[PlyCount "116"]
[EventDate "2023.11.28"]
[EventType "tourn"]
[EventCountry "ITA"]
[SourceTitle "playchess.com"]
[Source "ChessBase"]
[SourceQuality "1"]
[TimeControl "40/6000+30:20/3000+30:900+30"]

1. Nf3 Nf6 2. c4 e6 3. g3 d5 4. Bg2 dxc4 5. Qa4+ Bd7 6. Qxc4 {[%emt 0:00:04] A13: English Opening: 1...e6.} c5 $1 7. Ne5 Qc8 8. Qd3 {[%emt 0:02:37] The position is equal.} Nc6 9. Nxd7 Nxd7 10. Nc3 {[%emt 0:01:38] 10.Nc3 scores better than 10.b3.} Be7 11. b3 O-O 12. Bb2 Nde5 13. Qe3 Qd7 {[%emt 0:26:30] [#]} 14. d3 $146 ({Predecessor:} 14. O-O Rfd8 15. Rad1 Rac8 16. h3 b6 17. Qe4 f5 18. Qb1 Bf6 19. d4 cxd4 20. Nb5 {½-½ Kireev,S (2329)-Rita,G (2335) FICGS W-ch st1 gM 01 email 2023 (1)}) 14... Rac8 15. O-O Ng4 16. Qf4 f5 17. Rac1 Rfd8 18. Rfd1 Bf6 19. Qd2 b6 20. h3 Nge5 21. Nb1 Qe7 22. Na3 h5 23. Nc4 h4 24. Nxe5 Bxe5 25. Bxc6 Bxb2 26. Qxb2 {[%emt 0:00:04] Bg2 would be deadly.} Rxc6 27. Qe5 hxg3 28. fxg3 Rcd6 29. Rf1 Rd5 30. Qe3 Qf6 31. Rc4 Re5 32. Qf3 Rd4 33. Rfc1 Qh6 34. Kg2 $2 (34. Kf2 $11 {and White is okay.}) 34... Re3 $19 35. Qf2 {[%emt 0:00:09] [#]} f4 $1 36. Rxd4 Rxg3+ 37. Kf1 (37. Qxg3 $142 fxg3 38. Rd8+ Kh7 39. Rf1) 37... cxd4 38. Qxd4 Qxh3+ $2 {[%emt 0:01:53][%mdl 4096] Endgame KQR-KQR} (38... Re3 $1 $19 39. Ke1 Qh4+ 40. Kd2 Qf2) 39. Ke1 $11 Qf5 40. Qd8+ $2 (40. Rc4 $11 {and White has nothing to worry.}) 40... Kh7 $19 {[%emt 0:00:38] And now ...Rg1+ would win.} 41. Qh4+ (41. Rc8 $2 Qe5 42. Qh8+ Kg6 $19) 41... Kg6 42. Rc4 {[%emt 0:01:36] [#]} Rg4 43. Qh1 (43. Qf2 $17) 43... Kg5 (43... Qa5+ 44. Kf2 $17) 44. Kf2 (44. Qe4 $17 {was called for.}) 44... b5 (44... Qe5 45. Re4 Qc3 46. Rc4 $17) ({Black should play} 44... Rh4 $19 45. Qe4 Qxe4 46. Rxe4 Kf5) 45. Re4 $17 Rh4 $36 {[%emt 0:02:04][%mdl 2048] Prevents Qh8. Black is on the roll. Some like it hot} 46. Qa1 Qc5+ (46... Rh2+ $6 47. Kg1 Qg4+ 48. Kxh2 $11) 47. d4 Qd6 48. d5 $2 Kf5 $19 ({Stronger than} 48... exd5 49. Qxg7+ Kf5 50. Rd4 $17) ({Inferior is} 48... Rh2+ 49. Kg1 Kf5 50. Rxe6 $17 (50. Qb1 $2 Rh1+ {[%mdl 64] Skewer} 51. Kxh1 Qxd5 $19) (50. Qb1 $2 Rh1+ {[%mdl 64] Skewer} 51. Kxh1 Qxd5 $19)) 49. Qd4 e5 {[%emt 0:02:53][%cal Be6e5,Be5f4][%mdl 32] Black mates.} (49... exd5 $2 {is the wrong capture.} 50. Re8 $17) 50. Qd3 {[%emt 0:00:32] [#]} Qc5+ $1 51. e3 Kf6 52. d6 Qc1 53. Rxf4+ exf4 54. Qd4+ Kg6 55. Qe4+ Kh6 56. Qe6+ g6 57. d7 fxe3+ 58. Qxe3+ Rf4+ {[%emt 0:00:04] Weighted Error Value: White=0.38/Black=0.08 (flawless)} 0-1

[Event "82nd Italian Championship 2023"]
[Site "Brescia"]
[Date "2023.11.28"]
[Round "1.3"]
[White "David, Alberto"]
[Black "Sonis, Francesco"]
[Result "1/2-1/2"]
[ECO "B51"]
[WhiteElo "2532"]
[BlackElo "2564"]
[Annotator "RC"]
[PlyCount "34"]
[EventDate "2023.11.28"]
[EventType "tourn"]
[EventCountry "ITA"]
[SourceTitle "playchess.com"]
[Source "ChessBase"]
[SourceQuality "1"]
[TimeControl "40/6000+30:20/3000+30:900+30"]

1. e4 c5 2. Nf3 d6 3. Bb5+ Nd7 4. Ba4 Ngf6 5. O-O e6 6. d3 a6 7. c4 Be7 8. Nc3 O-O 9. Qe2 b6 10. Ne1 Ne8 11. f4 Nc7 12. Bc6 Rb8 13. Nf3 b5 14. e5 Nb6 15. b3 d5 16. Kh1 Bd7 17. Bxd7 Qxd7 1/2-1/2

[Event "82nd Italian Championship 2023"]
[Site "Brescia"]
[Date "2023.11.28"]
[Round "1.4"]
[White "Dvirnyy, Danyyil"]
[Black "Gilevych, Artem"]
[Result "1/2-1/2"]
[ECO "E07"]
[WhiteElo "2495"]
[BlackElo "2416"]
[Annotator "RC"]
[PlyCount "32"]
[EventDate "2023.11.28"]
[EventType "tourn"]
[EventCountry "ITA"]
[SourceTitle "playchess.com"]
[Source "ChessBase"]
[SourceQuality "1"]
[TimeControl "40/6000+30:20/3000+30:900+30"]

1. d4 d5 2. c4 e6 3. Nf3 Nf6 4. g3 Be7 5. Bg2 O-O 6. O-O c6 7. Nc3 Nbd7 8. Qd3 b6 9. b3 a5 10. Rd1 Ba6 11. a4 Bb4 12. Bb2 Rc8 13. Na2 Be7 14. Nc3 Bb4 15. Na2 Be7 16. Nc3 Bb4 1/2-1/2

[Event "82nd Italian Championship 2023"]
[Site "Brescia"]
[Date "2023.11.28"]
[Round "1.5"]
[White "Lodici, Lorenzo"]
[Black "Basso, Pier Luigi"]
[Result "1-0"]
[ECO "D00"]
[WhiteElo "2550"]
[BlackElo "2483"]
[Annotator "TA"]
[PlyCount "61"]
[EventDate "2023.11.28"]
[EventType "tourn"]
[EventCountry "ITA"]
[SourceTitle "playchess.com"]
[Source "ChessBase"]
[SourceQuality "1"]
[TimeControl "40/6000+30:20/3000+30:900+30"]

1. d4 d5 2. Nc3 c5 3. e4 dxe4 4. d5 Nf6 5. Bg5 Nbd7 6. Qe2 {[%emt 0:05:29] D00: 1 d4 d5: Unusual lines.} h6 (6... g6 $1 $15 {might be stronger.}) 7. Bf4 ({White should play} 7. Bxf6 $11 Nxf6 8. Nxe4) 7... a6 (7... g5 $15 8. Bg3 Qa5) 8. O-O-O $11 {[%emt 0:03:13] The position is equal.} g6 9. Nxe4 Nxe4 10. Qxe4 {[%emt 0:00:06] [#]} Bg7 $146 ({Predecessor:} 10... Nf6 11. Qf3 Bg4 {0-1 Berger,B-Covey,T USA-ch S70239 email 2017}) 11. Qe3 Qb6 12. c3 $40 {[%emt 0:05:33][%mdl 128] White mounts an attack. Active counter play!} Nf6 (12... Qa5 $5 13. a3 (13. d6 e5 $11) (13. Bc4 Nb6 $11) 13... Nf6 $14) 13. d6 e6 14. Nf3 Qa5 15. Bc4 {[%emt 0:21:24] Ne5 is the strong threat.} Bd7 {[%emt 0:01:29] White stays focused until the end.} ({Better is} 15... b5 $14 16. Qxc5 Nd7) 16. Bb3 (16. Ne5 $18) 16... b5 (16... h5 $16) 17. Qxc5 $18 Rc8 {[%emt 0:00:08] [#] Black is weak on the dark squares} 18. Qd4 Nh5 $2 (18... O-O) 19. Be5 f6 (19... O-O $142 20. Bxg7 Nxg7) 20. Bg3 $2 (20. Qg4 Kf7 21. Nh4) 20... Nxg3 $2 (20... O-O 21. Qa7 Rf7) 21. hxg3 {[%emt 0:00:19] Strongly threatening Qa7.} O-O 22. Kb1 (22. Qe4 Kh7 23. Kb1 (23. Bxe6 Bxe6 24. Qxe6 b4 $18) (23. Bc2 f5 $18) 23... Qb6 $18) 22... Kh7 23. g4 e5 24. Qe4 {[%emt 0:00:13] Hoping for Bc2.} Qd8 25. Ka1 (25. Bc2 $142 f5 26. Qe3) 25... a5 $2 {[%emt 0:01:35] [#]} (25... Bc6 26. Qe3 Qd7) 26. g5 $1 {[%emt 0:01:46][%mdl 576] Deflection} fxg5 27. Nxe5 ({Not} 27. Bc2 Bf5 28. Qe2 g4 $16) 27... Qe8 28. Rhe1 ({Weaker is} 28. Bf7 Rxf7 29. Qxg6+ Kg8 30. Nxf7 (30. Qxf7+ Qxf7 31. Nxf7 Kxf7 $15) 30... Qxf7 31. Rxh6 Kf8 $14) 28... Rf4 $2 (28... Qxe5 29. Qxe5 Bxe5) 29. Qb7 {[%emt 0:00:38] White is clearly winning.} Rd8 30. Nf7 {[%emt 0:00:30][%mdl 64] Discovered Attack} Rxf7 31. Rxe8 {[%emt 0:00:06] Weighted Error Value: White=0.64/Black=0.72} 1-0

[Event "82nd Italian Championship 2023"]
[Site "Brescia"]
[Date "2023.11.28"]
[Round "1.6"]
[White "Brunello, Sabino"]
[Black "Lumachi, Gabriele"]
[Result "1-0"]
[ECO "A31"]
[WhiteElo "2492"]
[BlackElo "2395"]
[Annotator "TA"]
[PlyCount "55"]
[EventDate "2023.11.28"]
[EventType "tourn"]
[EventCountry "ITA"]
[SourceTitle "playchess.com"]
[Source "ChessBase"]
[SourceQuality "1"]
[TimeControl "40/6000+30:20/3000+30:900+30"]

1. c4 c5 2. Nf3 Nf6 3. d4 cxd4 4. Nxd4 Nc6 5. e3 e5 6. Nb5 {[%emt 0:00:46] A31: Symmetrical English: 2 Nf3 Nf6 3 d4.} Bb4+ 7. Bd2 {[%emt 0:36:20] [#] Bxb4 would be deadly.} Be7 $146 ({Predecessor:} 7... Bc5 8. Be2 O-O 9. O-O d6 10. N5c3 Bf5 11. a3 d5 12. Na4 Be7 13. cxd5 Qxd5 {0-1 Cygan,S-Solarski,A POL-Cup corr 1993}) 8. N5c3 {[%emt 0:13:24] The position is equal.} d5 9. Nxd5 Nxd5 10. cxd5 Qxd5 11. Nc3 Qd8 12. Bc4 O-O 13. O-O Bf5 14. e4 Bg4 {[%emt 0:10:19][%mdl 64] [#] Deflection} 15. Qxg4 Qxd2 16. Nd5 Qg5 17. Qh3 {[%emt 0:15:09] Black is weak on the light squares} (17. Qxg5 {simplifies} Bxg5 18. Rad1 Rac8 19. g3) 17... Rad8 18. Rad1 (18. Qe3 {simplifies} Qxe3 19. fxe3 g6 20. g3) 18... Rd6 19. Rd3 Nd4 $2 {[%emt 0:06:39] Black cannot hold the game after this.} (19... Bd8 $11) 20. Rg3 $18 Qh4 21. Rg4 ({Worse is} 21. Qg4 Bf6 $11) 21... Qxh3 22. Nxe7+ Kh8 23. gxh3 Nf3+ (23... b5 {is a better defense.}) 24. Kg2 {[%emt 0:00:07] White is winning.} Nd2 25. Rc1 Rd7 26. Nf5 Rc7 {[%emt 0:06:26] [#]} 27. b3 b5 28. Rd1 {[%emt 0:00:28] Weighted Error Value: White=0.03 (flawless) /Black=0.28 (precise)} 1-0

[Event "82nd Italian Championship 2023"]
[Site "Brescia"]
[Date "2023.11.29"]
[Round "2.1"]
[White "Santagati, Alessandro"]
[Black "Lumachi, Gabriele"]
[Result "0-1"]
[ECO "C28"]
[WhiteElo "2245"]
[BlackElo "2395"]
[Annotator "TA"]
[PlyCount "84"]
[EventDate "2023.11.28"]
[EventType "tourn"]
[EventCountry "ITA"]
[SourceTitle "playchess.com"]
[Source "ChessBase"]
[SourceQuality "1"]
[TimeControl "40/6000+30:20/3000+30:900+30"]

1. e4 e5 2. Bc4 Nf6 3. d3 Nc6 4. Nc3 Na5 5. Nge2 Nxc4 6. dxc4 Bc5 7. O-O {[%emt 0:03:10] C28: Vienna Game: 2...Nf6 3 Bc4 Nc6.} a5 {[%emt 0:03:09] [#]} 8. Na4 $146 ({Predecessor:} 8. Ng3 d6 9. h3 O-O 10. Qf3 Be6 11. b3 Nd7 12. Rd1 Bd4 13. Nge2 Bxc3 14. Nxc3 {1-0 Skliarov,V (2383)-Dobre,C (2261) Titled Tuesday intern op 04th Jul Early blitz 2023 (9)}) 8... Ba7 9. Nec3 {[%emt 0:08:46] The position is equal.} d6 10. h3 O-O 11. b3 Bd4 12. Rb1 Bd7 13. Qd3 Nh5 14. Nb5 Qh4 15. Nxd4 (15. Nxc7 f5 16. Nc3 (16. Nxa8 $2 fxe4 17. Qe2 Ng3 $19) 16... fxe4 17. Nxe4 Bf5 $17) 15... exd4 16. Qxd4 f5 17. Nc5 Bc8 $1 (17... dxc5 18. Qxd7 Rf7 19. Qd2 $16) 18. Qd5+ Kh8 19. Nxb7 (19. Nd3 $11) 19... Nf6 $15 20. Qc6 {[%emt 0:00:00][%cal Ob7d6] Strongly threatening Nxd6!} Qxe4 21. Nxa5 Rxa5 22. Qxc7 Rxa2 {[%emt 0:02:08] ...Bb7 would be deadly.} ({Much worse is} 22... Bb7 $6 23. f3 Qd4+ 24. Kh1 $11) 23. Qxd6 Rg8 {[%emt 0:00:01] White is weak on the light squares} (23... Kg8 $142 24. Rb2 Ra6) 24. Rb2 $17 Ra6 25. Qd3 Qe8 {[%emt 0:00:28] Black has more active pieces. The white rooks are badly placed.} (25... Qe7 $142 26. Bg5 h6 27. Bxf6 Qxf6) 26. b4 Ne4 ({Better is} 26... Qe7 $17 {next ...Rd8 is good for Black.} 27. b5 Ra4) 27. Bf4 $11 h6 28. b5 (28. f3 $14) 28... Re6 $15 29. Qd4 (29. f3 $15 Nc5 30. Qd4 (30. Qxf5 $2 {loses.} Na4 $19)) 29... Kh7 $2 (29... Qe7 $1 $19 {...Rd8 is the strong threat.} 30. Rb3 Rd8) 30. f3 $11 Nf6 31. c5 g5 32. Bd6 {[%emt 0:00:36][%mdl 1024] White has compensation.} (32. Bg3 $5 ) 32... Qg6 {[%emt 0:00:42] [#]} (32... g4 $14 33. fxg4 fxg4) 33. Qd3 ({White should try} 33. Ra2 $1 $16) 33... Nh5 $14 34. c4 (34. Ra2 {is more complex.} f4 35. Ra7+ Rg7 36. Raa1) 34... Rge8 35. g4 Ng7 36. Rff2 $2 (36. Rd2 $11 {and White has nothing to worry.}) 36... Re3 ({Black should play} 36... Re1+ $19 37. Kg2 h5) 37. Qd5 $2 {[%emt 0:01:00][%mdl 8192] [#] Now White is beyond hope.} (37. Qc2 $17) 37... fxg4 $1 $19 38. hxg4 Rd3 39. Qc6 Rd1+ 40. Kg2 h5 41. Rfe2 $2 {[%emt 0:13:02] [#]} (41. Bg3 Qxc6 42. bxc6) 41... Qd3 $1 {[%emt 0:12:16][%mdl 64] Double Attack} 42. Rf2 hxg4 {[%emt 0:02:43] Weighted Error Value: White=0.45/Black=0.22 (precise)} 0-1

[Event "82nd Italian Championship 2023"]
[Site "Brescia"]
[Date "2023.11.29"]
[Round "2.3"]
[White "Gilevych, Artem"]
[Black "Lodici, Lorenzo"]
[Result "1-0"]
[ECO "B30"]
[WhiteElo "2416"]
[BlackElo "2550"]
[Annotator "TA"]
[PlyCount "91"]
[EventDate "2023.11.28"]
[EventType "tourn"]
[EventCountry "ITA"]
[SourceTitle "playchess.com"]
[Source "ChessBase"]
[SourceQuality "1"]
[TimeControl "40/6000+30:20/3000+30:900+30"]

1. e4 c5 2. Nf3 Nc6 3. Bb5 a6 4. Bxc6 dxc6 5. O-O Bg4 6. h3 {[%emt 0:00:30] B30: Sicilian: 2...Nc6 3 Bb5, lines without ...g6.} Bh5 7. d3 Qc7 8. Be3 {[%emt 0:17:17] White is slightly better.} e5 9. Nbd2 f6 {[%emt 0:08:22] [#]} 10. a3 $146 (10. a4 $16) ({Predecessor:} 10. g4 Bf7 11. Nh4 O-O-O 12. f4 exf4 13. Bxf4 Qd7 14. Bg3 Bd6 15. Bxd6 Qxd6 16. Nf5 {1-0 Romano,L (1938)-Lodici,L (2312) Lisbon Christmas op 2014 (9)}) 10... g5 {[%emt 0:10:17] [#]} 11. b4 $1 cxb4 12. axb4 Nh6 13. Qe2 (13. c3 $16) 13... Bxb4 $11 14. g4 Nxg4 15. hxg4 Bxg4 16. Rfb1 c5 17. Rb3 {[%emt 0:00:55] Strongly threatening c3.} Be6 {[%emt 0:01:41] [#]} 18. c3 $1 Bxb3 19. Nxb3 (19. cxb4 $5 Be6 20. bxc5 $11) 19... Bxc3 (19... c4 $1 $11 20. dxc4 Bxc3) 20. Rc1 $36 {[%emt 0:00:05][%cal Ob3c5][%mdl 2048] Hoping for Nxc5! White is really pushing.} Bb4 21. Nxc5 {[%emt 0:00:50] Threatens to win with Ne6.} (21. Bxc5 Bxc5 22. Rxc5 Qb6 $15) 21... Qf7 {[%emt 0:06:44] [#] Against Ne6} (21... Qc8 22. Nxg5 fxg5 23. Qh5+ Kf8 24. Qh6+ (24. Qxg5 $2 Rg8 $19) 24... Kf7 25. Bxg5 $18 (25. Qxg5 $2 Rg8 $19) (25. Qh5+ Kf8 $16)) 22. Nxe5 $1 fxe5 23. Qb2 (23. Bxg5 $2 Rg8 24. Qg4 Bd2 25. Nxb7 Rxg5 $19) 23... O-O $1 24. Qxb4 Rac8 25. Rb1 {[%emt 0:00:43][%mdl 1024] White has compensation.} (25. Bxg5 Qxf2+ 26. Kh1 Qf3+ 27. Kg1 Qg4+ 28. Kh1 Qh5+ 29. Kg2 Qxg5+ 30. Kh3 Rf3+ 31. Kh2 Qh4+ 32. Kg2 Qf2+ 33. Kh1 Rh3#) 25... Rc7 26. Qb6 (26. Bxg5 Qxf2+ 27. Kh1 Qf3+ 28. Kg1 Qg4+ 29. Kh1 Qh5+ 30. Kg2 Qxg5+ 31. Kh3 Qh5+ 32. Kg3 Rg7#) (26. Nxb7 $2 Rb8 27. Qd6 Rcxb7 $19) 26... Rfc8 {[%emt 0:01:20] [#]} 27. Qd6 $1 {[%emt 0:00:16] White is much more active.} (27. Nxb7 Rb8 28. Qxa6 Rcxb7 29. Rxb7 Rxb7 30. Bxg5 Rb8 $15) 27... Re8 (27... Qa2 $2 28. Rb6 (28. Rxb7 Rxb7 {[%mdl 64] Remove Defender} 29. Nxb7 Qb1+ 30. Kh2 Qxb7 $16) 28... Rf7 29. Qxe5 $18) 28. Rb6 (28. Bxg5 $2 Rc6 29. Qd7 Rxc5 $19) (28. Qd5 $16) 28... g4 (28... Qf3 $11) 29. Ne6 $16 {[%emt 0:01:15] Black is weak on the dark squares} Rc6 30. Rxc6 bxc6 31. Nc7 Re7 (31... Rf8 32. Qxe5 (32. Qxc6 g3 $11) 32... Qf6) 32. Nxa6 $2 (32. Bh6 $18 {White threatens Qd8+ and mate.} Rd7 33. Qxc6 (33. Qxe5 Rxd3 34. Bf4 Qg7 $16)) 32... Qe6 ({Better is} 32... h5 $1 $14) 33. Qd8+ $18 Kg7 $2 (33... Re8 {is more resistant.} 34. Qh4 Qf7) 34. Nc5 (34. Bc5 $142 Kf7 35. Nc7) 34... Qf7 35. Qd6 $2 (35. d4 $18) 35... Qf6 $14 36. Qd8 ({White should play} 36. Qxf6+ $14 Kxf6 37. Kg2) 36... Rf7 $2 (36... Qf7 $1 $11 {and Black is okay.}) 37. Qc8 $18 {[%emt 0:00:25] Ne6+ is the strong threat.} Qf3 $2 (37... h6 $18 38. Qxg4+ Qg6 39. Qxg6+ Kxg6) 38. Ne6+ ({Inferior is} 38. Qxc6 Qd1+ 39. Kg2 (39. Kh2 g3+ 40. fxg3 Qe2+ 41. Kh3 Qh5+ 42. Kg2 Qf3+ 43. Kh3 Qh5+ 44. Kg2 Qe2+ 45. Kh3 Qh5+ $11) 39... Qf3+ 40. Kg1 Qd1+ 41. Kh2 g3+ 42. fxg3 (42. Kxg3 Qg1+ 43. Kh4 Qh2+ 44. Kg5 h6+ 45. Kg4 h5+ 46. Kg5 Qg2+ 47. Kxh5 Rf5+ 48. exf5 Qxc6 $15) 42... Qe2+ 43. Kh3 Qh5+ 44. Kg2 Qf3+ 45. Kh3 Qh5+ 46. Kg2 Qf3+ 47. Kh3 Qh5+ $11) 38... Kf6 39. Ng5 Qd1+ 40. Kg2 Kg7 41. Nxf7 (41. Qe6 $142 Qf3+ 42. Nxf3 gxf3+ 43. Kg3 h5 44. Qxe5+ Kg8 45. Qe8+ Kg7 46. Bd4+ Rf6 47. Qe7+ {[%mdl 64] Pin, Deflection, Double Attack} Kg8 48. Bxf6 h4+ 49. Kxh4 c5 50. Qg7#) 41... Qf3+ 42. Kg1 Qd1+ 43. Kh2 g3+ 44. Kxg3 Qg1+ 45. Kf3 {[%emt 0:01:15] Intending Nh6 and mate.} Qd1+ 46. Kg2 {[%emt 0:00:10] Artfully played by Gilevych.   Weighted Error Value: White=0.44/Black=0.85} 1-0

[Event "82nd Italian Championship 2023"]
[Site "Brescia"]
[Date "2023.11.29"]
[Round "2.4"]
[White "Sonis, Francesco"]
[Black "Dvirnyy, Danyyil"]
[Result "1-0"]
[ECO "E66"]
[WhiteElo "2564"]
[BlackElo "2495"]
[Annotator "TA"]
[PlyCount "135"]
[EventDate "2023.11.28"]
[EventType "tourn"]
[EventCountry "ITA"]
[SourceTitle "playchess.com"]
[Source "ChessBase"]
[SourceQuality "1"]
[TimeControl "40/6000+30:20/3000+30:900+30"]

1. Nf3 Nf6 2. c4 g6 3. g3 Bg7 4. Bg2 O-O 5. O-O d6 6. Nc3 c5 7. d4 Nc6 8. d5 Na5 9. Nd2 e6 10. Rb1 exd5 11. cxd5 Bd7 {[%emt 0:00:10] [#] E66: King's Indian: Fianchetto: 6...c5 7 0-0 Nc6 8 d5.} 12. a4 $5 $146 {[%emt 0:10:26][%mdl 8] New and interesting.} ({Predecessor:} 12. Nde4 Nxe4 13. Nxe4 Bf5 14. b4 Bxe4 15. Bxe4 cxb4 16. Rxb4 Rc8 17. Bd3 b6 18. h4 Nb7 19. Bg5 {1-0 Wadsworth,M (2446)-Hebden,M (2443) Nottinghamshire Centenary 2023 (4)}) 12... c4 13. b4 cxb3 {[%emt 0:00:08] The position is equal.} 14. Nxb3 Nc4 15. Nd2 $1 Rc8 16. Nxc4 ({Reject} 16. Rxb7 Na5 17. Rxd7 Qxd7 $15) 16... Rxc4 17. Qb3 Qc7 18. Nb5 Bxb5 19. Qxb5 b6 20. Ba3 {[%emt 0:00:04][%cal Oa3d6] Prevents Rc5. Bxd6! would be deadly. This pair of bishops is nice.} Ne4 21. Bxe4 Rxe4 22. e3 Rd8 23. Rbc1 Qe7 24. a5 bxa5 25. Qxa5 h5 26. Rc7 Rd7 27. Rfc1 Rxc7 28. Rxc7 Qe5 (28... Qf6 $1 $11 {remains equal.}) 29. Qxa7 $16 {[%emt 0:01:55] White is more active.} (29. Rxa7 $2 {loses.} Rxe3 30. Bb4 (30. fxe3 $2 Qxe3+ 31. Kf1 Qf3+ 32. Ke1 Bc3+ $19) 30... Rb3 $19) 29... Qxd5 30. Qb8+ $1 Kh7 {[%emt 0:02:27] [#] Hoping for ...Qd1+.} 31. Qb7 $1 Qxb7 32. Rxb7 {[%emt 0:00:06][%mdl 4096] Endgame KRB-KRB} Kg8 33. Rb8+ Kh7 34. Rb7 Kg8 35. Bxd6 g5 36. h3 Bf6 37. Kg2 Kg7 38. Kf3 Rc4 39. g4 hxg4+ 40. hxg4 Rc6 41. Bb8 Kg6 42. Ba7 Re6 43. Bc5 Be5 44. Rb5 Bc7 45. Bd4 {[%emt 0:00:00] Prevents Re5.} Bd8 46. Kg2 Bc7 47. Rd5 Bd6 48. Rf5 Be7 49. Rb5 Bf6 50. Bb6 Rc6 51. Bc5 Bd8 52. Kf3 Rf6+ 53. Ke2 Rc6 54. Kd3 Bc7 55. Bd4 Re6 56. Rf5 Bb6 57. Be5 Rc6 58. Bb2 Bd8 59. f4 gxf4 60. exf4 Ra6 61. Bd4 Ra5 62. Bc5 Ra4 63. Ke3 Bf6 64. Rd5 Ra5 65. Ke4 Ra4+ 66. Kf3 Ra5 67. Rh5 {[%emt 0:00:00] Prevents Be7} Ra4 $2 {[%emt 0:00:39][%mdl 8192] [#]} (67... Rb5 $16 68. Ke4 Ra5) 68. Bf8 $1 {[%emt 0:00:00] Weighted Error Value: White=0.04 (flawless) /Black=0.04 (flawless)} 1-0

[Event "82nd Italian Championship 2023"]
[Site "Brescia"]
[Date "2023.11.29"]
[Round "2.5"]
[White "Moroni, Luca Jr"]
[Black "David, Alberto"]
[Result "1/2-1/2"]
[ECO "A23"]
[WhiteElo "2575"]
[BlackElo "2532"]
[Annotator "TA"]
[PlyCount "96"]
[EventDate "2023.11.28"]
[EventType "tourn"]
[EventCountry "ITA"]
[SourceTitle "playchess.com"]
[Source "ChessBase"]
[SourceQuality "1"]
[TimeControl "40/6000+30:20/3000+30:900+30"]

1. c4 e5 2. g3 Nf6 3. Bg2 Bc5 4. Nc3 O-O 5. e3 c6 6. Nge2 {[%emt 0:03:09] A23: English Opening: 1...e5 2 Nc3 Nf6 3 g3 c6.} d5 7. cxd5 Nxd5 {[%emt 0:03:12] seems to push 7...cxd5 aside.} 8. d4 exd4 9. Nxd5 cxd5 10. Nxd4 Bxd4 11. Qxd4 ({Much worse is} 11. exd4 Qa5+ 12. Kf1 Bf5 $11) 11... Be6 12. O-O {[%emt 0:02:51][%cal Bh1f1,Bf1c1,Bc1c5][%mdl 32] [#]} Nc6 $146 ({Predecessor:} 12... Qc7 13. b3 Nc6 14. Qc5 Qe7 15. Qxe7 Nxe7 16. Ba3 Rfe8 {0-1 Biermann,F (1470)-Buganza,N ICCF FM/3299 email 2019}) 13. Qf4 Qb6 14. b3 d4 15. exd4 (15. Re1 {seems wilder.} d3 16. Bb2 Rad8 17. Bc3) 15... Rad8 16. Be3 {[%emt 0:01:25][%cal Od4d5] [#] aiming for d5! A strong pair of Bishops.} Bd5 17. Rfc1 Bxg2 18. Kxg2 {[%emt 0:04:54][%cal Od4d5] Strongly threatening d5!} Qa6 19. Qg4 {[%emt 0:03:36] Hoping for Bh6.} Nb4 20. Rc5 Nd5 21. Qf3 Qd6 22. Rac1 Rd7 23. Rc8 Rdd8 24. Rxd8 Rxd8 25. Bg5 f6 26. Bd2 Qd7 27. h4 Ne7 28. h5 {[%emt 0:03:15] White is more active.} Nc6 29. Be3 (29. Bc3 $5 ) 29... h6 30. Rc5 Nb4 {[%emt 0:00:26] [#]} 31. Bxh6 gxh6 $11 {[%emt 0:00:07] The position is equal.} 32. Qxf6 Nd5 33. Qxh6 Qf5 34. Kg1 Rf8 35. Qg6+ Qxg6 36. hxg6 {[%emt 0:00:01][%mdl 4096] Endgame KRN-KR} Rd8 37. f4 Kg7 38. f5 Kf6 39. g4 Kg5 40. g7 {[%emt 0:00:57][%cal Oc5d5] Threatens to win with Rxd5!} Nf6 {[%emt 0:00:45][%cal Od8d7] White must now prevent ...Rd7!} 41. Rc7 Nxg4 42. Rxb7 a5 43. d5 Rg8 44. d6 Ne5 45. Kf2 Kxf5 46. Re7 Kf6 47. Ke3 Nf7 48. Ra7 Ke5 $2 {[%emt 0:20:53][%mdl 40960] Weighted Error Value: White=0.05 (flawless) /Black=0.04 (flawless) . An unexpected result.} 1/2-1/2